 Dungeon Crawl Stone Soup version 0.28-a0-751-gef3a642a4e (webtiles) character file.

Game seed: 12367485181460370942

271 croobank the Digger (level 6, -1/32 HPs)
             Began as a Gargoyle Earth Elementalist on Oct 30, 2021.
             Slain by an ogre (13 damage)
             ... on level 4 of the Dungeon.
             The game lasted 00:42:02 (3850 turns).

croobank the Digger (Gargoyle Earth Elementalist)   Turns: 3850, Time: 00:42:03

Health: -1/32      AC: 18    Str: 14    XL:     6   Next: 23%
Magic:  10/11      EV:  4    Int: 20    God:
Gold:   14         SH:  0    Dex: 16    Spells: 5/12 levels left

rFire   + . .      SeeInvis .   q - +2 hand axe (freeze)
rCold   . . .      Faith    .   (no shield)
rNeg    + . .      Spirit   .   d - +1 plate armour of Starshine {rF+ Int+5}
rPois   ∞          Reflect  .   (no helmet)
rElec   +          Harm     .   (no cloak)
rCorr   .          Rampage  .   (no gloves)
Will    .....                   o - +2 pair of boots
Stlth   ..........              (no amulet)
HPRegen 0.10/turn               v - +6 ring of dexterity
MPRegen 0.12/turn               (no ring)

@: very slightly contaminated
A: sickness immunity, AC +4, negative energy resistance 1, electricity
resistance, torment resistance 1, petrification resistance
a: no special abilities


You were on level 4 of the Dungeon.
You visited 1 branch of the dungeon, and saw 4 of its levels.

You collected 148 gold pieces.
You spent 134 gold pieces at shops.

Inventory:

Hand Weapons
 f - a +0 flail
 g - a +0 falchion
 i - a +0 short sword
 k - a +0 hand axe
 l - a +2 dagger of electrocution
 m - a +0 spear
 q - a +2 hand axe of freezing (weapon)
 s - a +2 dagger of venom
 x - a +1 vorpal war axe
Missiles
 b - 17 sling bullets
 n - 96 stones
 r - 13 bolts
 u - 55 arrows
 w - 15 poisoned darts
Armour
 d - the +1 plate armour of Starshine (worn) {rF+ Int+5}
   (You found it on level 4 of the Dungeon)

   Int:       It affects your intelligence (+5).
   rF:        It protects you from fire.
 o - a +2 pair of boots (worn)
 t - a +0 scale mail
Magical Staves
 h - a staff of earth
Jewellery
 v - a +6 ring of dexterity (left hand)
Scrolls
 c - 2 scrolls of fog
 e - a scroll of acquirement {unknown}
 p - a scroll of blinking {unknown}
 y - a scroll of holy word {unknown}
Potions
 a - a potion of invisibility
 j - a potion of lignification {unknown}


   Skills:
 + Level 0.1 Fighting
 + Level 0.1 Short Blades
 + Level 0.9(1.0) Axes
 + Level 0.4(0.9) Maces & Flails
 + Level 0.8 Armour
 + Level 2.1 Dodging
 + Level 2.3 Stealth
 + Level 3.8 Spellcasting
 + Level 0.7 Transmutations
 + Level 5.8 Earth Magic


You had 5 spell levels left.
You knew the following spells:

 Your Spells              Type           Power      Damage    Failure   Level
a - Sandblast             Erth           54%        2d13      83%         1
b - Passwall              Tmut/Erth      14%        N/A       100%        2
c - Swiftness             Air            3%         N/A       100%        3
d - Sting                 Tmut/Pois      20%        1d4       100%        1

Your spell library contained the following spells:

 Spells                   Type           Power      Damage    Failure   Level
 Freeze                   Ice            12%        1d4       100%        1
 Poisonous Vapours        Pois/Air       6%         N/A       100%        2
 Frozen Ramparts          Ice            6%         1d2       100%        3
 Stone Arrow              Conj/Erth      30%        3d8       100%        3
 Hailstorm                Conj/Ice       3%         3d3       100%        4
 Olgreb's Toxic Radiance  Pois           3%         N/A       100%        4
 Petrify                  Tmut/Erth      17%        N/A       100%        4
 Invisibility             Hex            1%         N/A       100%        6


Dungeon Overview and Level Annotations

Branches:
Dungeon (4/15)
 Temple: D:4-7

Altars:
Dithmenos
Makhleb
Okawaru
Ru
Beogh

Shops:
D:4 *

Annotations:
D:4 3 runed translucent doors, AttackTheMoon's ghost, amateur DrTm; Dowan; Duvessa


Innate Abilities, Weirdness & Mutations

You are immune to sickness and miasma.
Your stone body is resilient. (AC +4)
You are immune to poison.
You resist negative energy. (rN+)
You are resistant to electric shocks. (rElec)
You are resistant to unholy torment.
You are immune to petrification.


Message History

You kill the kobold!
Things that are here:
a +0 dagger; a kobold corpse Your magical contamination has completely faded away.
You open the door.
There is an open door here.
Press: ? - help, v - describe, . - travel A sacrificial altar of Ru.
There is a stone staircase leading down here.
Found an escape hatch in the floor.
There is an escape hatch in the floor here.
y - a scroll labelled ODUTUNLEISU
Found a ring mail.
Press: ? - help, . - travel You can't see that place. [the floor.]
You see here a +0 ring mail.
You open the door.
There is an open door here.
An ogre comes into view. It is wielding a +0 giant spiked club.
The ogre shouts!
The ogre hits you with a +0 giant spiked club!
A worm comes into view.
Aiming: Sandblast (safe; 83% risk of failure)
Press: ? - help, Q - select action, (/) - cycle Shift-Dir - straight line, f - ogre
Aim: an ogre, wielding a +0 giant spiked club (91% to hit)
You miscast Sandblast.
You are very lightly contaminated with residual magic.
Nothing appears to happen.
The ogre barely misses you.
You hit the ogre. You freeze the ogre.
The ogre is moderately wounded.
The ogre hits you with a +0 giant spiked club!
You hit the ogre. You freeze the ogre.
The ogre is heavily wounded.
The ogre barely misses you.
You hit the ogre. You freeze the ogre.
The ogre is heavily wounded.
The ogre hits you with a +0 giant spiked club!
You die...

..###.....#####..######....
#..........####..######....
.......e.....∩.............
.#.....<........########...
#..............# ####
##############.# #######
##########.# #......
##.'..#...#.# #......
##[.##.@.# #.# #......
##.#..#O.## .# #...<..
##....###... #.#####
##.......#..## #.#
#.......###.# ##.##
#.#....##..#w. #...##
#....#.##...##.# #..#.##
....#.# ##...#.. ##.#.#.##
..#.# #..### ##.#...#.#


You could see an ogre and a worm.

Vanquished Creatures
  Pargi (D:4)
  A hound (D:4)
  Robin (D:3)
  A gnoll (D:1)
  An adder (D:3)
  An adder skeleton (D:4)
  A worm (D:3)
  2 dart slugs
  8 orcs
  8 endoplasms
  5 giant cockroaches
  12 goblins
  7 hobgoblins
  6 jackals
  2 quokkas
  6 ball pythons
  8 bats
  13 kobolds
  2 rats (D:3)
86 creatures vanquished.

Notes
Turn   | Place    | Note
-------+----------+-------------------------------------------
     0 | D:1      | croobank the Gargoyle Earth Elementalist began the quest
                  | for the Orb.
     0 | D:1      | Reached XP level 1. HP: 10/10 MP: 3/3
   184 | D:1      | Reached skill level 4 in Earth Magic
   184 | D:1      | Reached XP level 2. HP: 15/15 MP: 3/5
   426 | D:1      | Reached XP level 3. HP: 8/19 MP: 1/6
   807 | D:1      | Learned a level 2 spell: Passwall
   811 | D:1      | Learned a level 3 spell: Swiftness
  1343 | D:2      | Reached XP level 4. HP: 24/24 MP: 4/8
  1594 | D:2      | Learned a level 1 spell: Sting
  2076 | D:3      | Found a burning altar of Makhleb.
  2516 | D:3      | Noticed Robin
  2517 | D:3      | Found an iron altar of Okawaru.
  2523 | D:3      | Killed Robin
  2524 | D:3      | Reached skill level 5 in Earth Magic
  2524 | D:3      | Reached XP level 5. HP: 25/28 MP: 3/9
  2839 | D:3      | Found a shadowy altar of Dithmenos.
  3035 | D:4      | Noticed Pargi
  3042 | D:4      | Killed Pargi
  3043 | D:4      | Reached XP level 6. HP: 25/32 MP: 4/11
  3122 | D:4      | Identified the +1 plate armour of Starshine {rF+ Int+5}
  3140 | D:4      | Found a runed translucent gate.
  3140 | D:4      | Found a runed translucent gate.
  3141 | D:4      | Found a runed translucent gate.
  3143 | D:4      | Noticed AttackTheMoon's ghost (amateur DrTm)
  3144 | D:4      | Identified the +8 spear of Psychosis {flame, rElec}
  3195 | D:4      | Found a sacrificial altar of Ru.
  3346 | D:4      | Found Xaklazin's General Store.
  3354 | D:4      | Bought a +1 vorpal war axe for 134 gold pieces
  3357 | D:4      | Noticed Duvessa
  3359 | D:4      | Noticed Dowan
  3850 | D:4      | Slain by an ogre

Illustrated notes

Levels and vault maps discovered:
D:1:      amcnicky_arrival_double_pillar, layout_basic
D:2:      layout_loops_cross, fountainhead, serial_bayou_pond_a,
          corexii_corridor_pit
D:3:      layout_loops_cross, mainiacjoe_overflow_alcove_1, bloody_makhleb,
          lemuel_tele_altar, uniq_robin
D:4:      minmay_razor_zed, layout_basic, nicolae_ru_awakened_eye,
          biasface_ghost_orc_armoury, serial_shops, shop,
          minmay_misc_feat_square, minmay_stone_trees_small, st_stairs_7,
          minmay_misc_feat_four_crosses, uniq_pargi, uniq_duvessa

Skill      XL: |  1  2  3  4 |
---------------+-------------+-----
Earth Magic    | 4 5 |  5.8
Spellcasting   | 3 |  3.8
Dodging        | 2 |  2.1
Fighting       | |  0.1
Short Blades   | |  0.1
Axes           | |  0.9
Maces & Flails | |  0.4
Armour         | |  0.8
Stealth        | |  2.3
Transmutations | |  0.7

Action                   |  1- 3 |  4- 6 || total
-------------------------+-------+-------++-------
Melee: Dagger            |    28 |       ||    28
       Flail             |    14 |     7 ||    21
       Hand axe          |       |    61 ||    61
Throw: Stone             |       |     5 ||     5
 Cast: Sandblast         |    41 |    64 ||   105
  Use: Scroll            |     2 |     1 ||     3
Armor: Robe              |    16 |       ||    16
       Ring mail         |     9 |    15 ||    24
       Scale mail        |       |    24 ||    24
       Plate armour      |       |    15 ||    15
Dodge: Dodged            |    44 |    44 ||    88

Table legend: (Time is in decaauts)
 A = Elapsed time spent in this place.
 B = Non-inter-level travel time spent in this place.
 C = Inter-level travel time spent in this place.
 D = Time resting spent in this place.
 E = Time spent auto-exploring this place.
 F = Levels seen in this place.
 G = Mean time per level.
                   A        B        C        D        E       F      G
               +--------+--------+--------+--------+--------+-----+--------+
         Total |   3874 |   3800 |     74 |    541 |   2274 |   4 |  968.5 |
       Dungeon |   3874 |   3800 |     74 |    541 |   2274 |   4 |  968.5 |
               +--------+--------+--------+--------+--------+-----+--------+

Top non-repeatable levels by time:
     D:3: 1348 daAuts
     D:1: 1157 daAuts
     D:2: 897 daAuts
     D:4: 470 daAuts
